Map: Tours du crépuscule

Players

KarlNapp - Winner!

  • Race: Terran Terran
  • League: Gold
  • Spawn Location: 7:00

zidar

  • Race: Zerg Zerg
  • League: Gold
  • Spawn Location: 1:00

VOD

Have the link to the VOD?

Description

Time

  • Played on: June 29, 2016, noon
  • Length: 22:59
Show
View Real Time Build Order
Export as new Build Order

KarlNapp Terran - Winner!

Build Orders:  

Get SALT Encoding   

  12  0:01  SCV  
  13  0:13  SCV  
  14  0:17  Supply Depot  
  14  0:25  SCV  
  15  0:39  SCV  
  15  0:40  Barracks  
  16  0:51  Refinery, SCV  
  17  1:03  SCV  
  18  1:15  SCV  
  19  1:27  SCV  
  20  1:38  Barracks Reactor  
  20  1:40  Command Center  
  20  1:44  Orbital Command  
  20  1:56  Refinery  
  20  2:05  Supply Depot  
  20  2:15  Marine x2  
  20  2:20  SCV  
  20  2:22  Factory  
  23  2:32  SCV  
  24  2:44  Marine x2, SCV  
  27  2:56  SCV, Orbital Command  
  28  3:02  Marine x2  
  30  3:07  Factory Tech Lab  
  30  3:09  SCV  
  31  3:15  Starport  
  31  3:20  Marine x2  
  31  3:21  SCV  
  31  3:22  SCV  
  35  3:32  Siege Tank  
  38  3:38  Marine  
  38  3:39  SCV x2  
  41  3:44  Supply Depot  
  41  3:50  Supply Depot  
  41  3:51  SCV  
  41  3:52  SCV  
  41  3:53  Starport Reactor  
  41  3:54  Marine  
  44  3:55  Marine  
  45  4:03  SCV  
  46  4:12  Marine, Barracks  
  46  4:13  Marine  
  48  4:21  Siege Tank  
  51  4:26  Liberator  
  51  4:30  Marine  
  52  4:31  Marine, Barracks  
  52  4:35  Supply Depot  
  52  4:37  SCV x2  
  55  4:41  Supply Depot  
  58  4:47  Medivac  
  58  4:49  SCV  
  61  4:58  Marine x2  
  61  4:59  Siege Tank  
  66  5:00  SCV  
  67  5:10  Barracks Tech Lab  
  67  5:11  Liberator, SCV  
  67  5:12  SCV  
  69  5:17  Refinery  
  69  5:19  Refinery, Barracks Tech Lab  
  69  5:25  Marine x2  
  71  5:32  SCV x2  
  76  5:43  Marauder  
  76  5:47  Stimpack  
  78  5:52  Marine x2  
  78  5:53  Marauder, SCV  
  63  6:11  Command Center  
  63  6:14  Marine x2  
  63  6:15  Reaper  
  63  6:16  Reaper  
  67  6:30  Combat Shield  
  67  6:32  Marine  
  68  6:36  SCV x2  
  70  6:46  Engineering Bay  
  70  6:48  Marauder, SCV x2  
  70  6:49  Armory  
  70  6:53  Marine x2, Marauder  
  78  7:09  Supply Depot  
  78  7:10  Supply Depot  
  78  7:17  Supply Depot  
  78  7:18  Liberator  
  78  7:20  Supply Depot  
  78  7:22  Marine, SCV x2  
  85  7:23  Marauder x2  
  85  7:26  Orbital Command  
  85  7:33  Marine  
  85  7:34  Siege Tank  
  92  7:40  Marine  
  97  7:44  Marauder x2  
  97  7:49  Concussive Shells  
  97  7:50  Marine  
  98  7:55  Medivac  
  98  7:58  Marine  
  105  8:05  Marauder x2  
  105  8:06  Siege Tank  
  108  8:14  Marine  
  106  8:20  Terran Vehicle Weapons Level 1  
  106  8:24  SCV x3  
  111  8:27  Marauder, Refinery  
  111  8:30  Refinery  
  111  8:36  SCV x3  
  111  8:38  Marine x3  
  111  8:40  Siege Tank  
  120  8:57  Sensor Tower  
  120  9:03  Starport  
  120  9:09  Supply Depot  
  120  9:11  Supply Depot  
  120  9:13  Supply Depot  
  120  9:17  Supply Depot  
  120  9:22  SCV x3  
  120  9:23  Command Center  
  120  9:24  Marauder, Supply Depot  
  125  9:28  Terran Infantry Weapons Level 1  
  125  9:30  Marine x2  
  129  9:31  Marauder  
  129  9:32  Liberator x2  
  129  9:35  Supply Depot  
  129  9:36  SCV x3  
  129  9:37  Supply Depot  
  129  9:38  Supply Depot  
  132  9:42  Supply Depot  
  132  9:47  Marauder  
  132  9:48  Marine x2, SCV x3, Siege Tank  
  132  9:52  Marauder  
  150  9:57  Starport Tech Lab  
  150  10:02  Fusion Core  
  150  10:06  SCV x3  
  153  10:07  Marine x2  
  153  10:08  Marauder  
  157  10:14  Terran Ship Weapons Level 1  
  157  10:18  SCV x2  
  161  10:21  Marauder  
  161  10:23  Siege Tank  
  161  10:25  Marine  
  165  10:32  Marine, Medivac  
  165  10:33  Marauder  
  165  10:34  Liberator x2  
  172  10:43  Marine, Marauder  
  173  10:50  Marine  
  173  10:54  Marauder  
  173  10:55  Siege Tank  
  173  10:56  Planetary Fortress  
  185  11:00  Marine, Refinery  
  185  11:01  Refinery  
  188  11:04  Marauder  
  188  11:08  Marine, Advanced Ballistics  
  189  11:11  Sensor Tower  
  189  11:14  SCV x2  
  189  11:15  SCV  
  192  11:22  Terran Infantry Armor Level 1  
  192  11:28  SCV  
  192  11:30  Marine x2, Marauder x2  
  199  11:48  Marine  
  200  12:08  Terran Vehicle And Ship Armor Level 1, Sensor Tower  
  200  12:34  Barracks x2  
  200  12:37  Barracks  
  200  13:15  Terran Infantry Weapons Level 2  
  200  13:27  Barracks  
  143  13:52  Marine x2, Marauder x2  
  139  14:02  Terran Vehicle Weapons Level 2  
  119  14:10  Marine x2  
  119  14:13  Marauder x2, Liberator x3  
  118  14:21  Barracks Reactor x2  
  118  14:22  Barracks Tech Lab  
  118  14:28  Marine x2, Siege Tank  
  132  14:34  Marine x2  
  134  14:46  Marine x2  
  134  14:50  Marauder  
  134  14:52  Marine x2, Command Center  
  140  15:00  Siege Tank  
  140  15:03  Marine x5  
  140  15:04  Marine  
  149  15:08  Barracks Reactor  
  149  15:10  Marine, Marauder  
  149  15:11  Marauder  
  149  15:13  Medivac x3  
  160  15:21  Marine x6  
  161  15:25  Liberator  
  161  15:26  Liberator  
  161  15:28  Marauder  
  168  15:31  Marine, Terran Infantry Armor Level 2  
  168  15:32  Marine, Thor  
  176  15:38  Marine  
  176  15:39  Marine x3  
  179  15:42  Medivac  
  179  15:49  Marauder  
  191  15:50  Marauder  
  191  15:51  Marauder  
  193  16:02  Marine  
  193  16:03  Marine x2  
  196  16:04  Marine x4  
  200  16:12  Medivac  
  200  16:17  Terran Vehicle And Ship Armor Level 2  
  140  16:33  Viking x2  
  140  16:39  Marine x6  
  141  16:40  Marine x5  
  141  16:42  Viking  
  141  16:43  Thor  
  159  16:57  Marine x11  
  156  17:03  Viking x2  
  155  17:12  Viking  
  155  17:14  Marine  
  155  17:15  Marine x10  
  146  17:32  Marine  
  146  17:33  Marine x10, Viking x2  
  161  17:38  SCV  
  161  17:39  SCV  
  161  17:42  Medivac, Orbital Command  
  165  17:48  Refinery  
  165  17:50  Marine  
  165  17:51  Marine  
  167  17:53  Refinery  
  167  18:03  Viking, Medivac  
  171  18:12  Viking  
  173  18:13  Terran Infantry Weapons Level 3  
  173  18:19  Marine  
  174  18:20  Marine x5  
  174  18:21  Marine, Marauder  
  174  18:22  Marine, Marauder x2  
  174  18:26  Thor  
  193  18:33  Terran Ship Weapons Level 2, Medivac x2  
  197  18:37  Marine x2  
  197  18:38  Marine  
  185  19:16  Marine  
  185  19:17  Marine x2  
  114  19:33  Marauder x2  
  114  19:34  Marine, Marauder  
  114  19:35  Marine x7  
  131  19:38  Thor  
  131  19:40  Liberator x2  
  131  19:44  Factory  
  134  19:49  Factory  
  134  19:52  Marine  
  135  19:53  Marine x6  
  135  19:55  Marauder x3  
  135  19:59  Medivac  
  155  20:01  Marine  
  156  20:10  Marine x5  
  156  20:11  Liberator  
  161  20:16  Marauder x3  
  161  20:18  Command Center  
  167  20:21  Thor  
  139  20:37  Marauder  
  139  20:38  Marauder x2  
  145  20:46  Liberator  
  145  20:50  Marine x4  
  149  20:59  Marauder x3  
  149  21:01  Marine x2  
  160  21:05  Factory Tech Lab x2  
  160  21:07  Thor  
  166  21:20  Marauder x2  
  170  21:30  Planetary Fortress  
  133  22:16  Marine  
  133  22:17  Marine x3  
  133  22:18  Marine x5, Marauder x2  
  146  22:34  Marine x2  
  149  22:37  Marauder  
Show
View Real Time Build Order
Export as new Build Order

zidar Zerg 

Build Orders: Hatch First, Brood Lord Corruptor 

Get SALT Encoding   

  12  0:01  Drone  
  13  0:12  Overlord  
  13  0:17  Drone  
  14  0:30  Drone x2  
  16  0:51  Drone  
  16  0:52  Hatchery  
  16  0:55  Extractor  
  15  0:59  Drone  
  16  1:14  Spawning Pool  
  15  1:20  Drone  
  15  1:21  Drone  
  17  1:38  Drone  
  17  1:39  Drone  
  19  1:58  Drone  
  20  2:01  Metabolic Boost  
  20  2:02  Queen  
  20  2:04  Queen  
  20  2:06  Drone  
  25  2:11  Zergling x2  
  25  2:12  Zergling x2  
  27  2:22  Drone  
  28  2:24  Overlord  
  28  2:29  Extractor  
  27  2:45  Drone x4  
  31  2:54  Baneling Nest  
  31  2:56  Drone x2  
  32  3:25  Hatchery  
  33  3:30  Lair  
  33  3:33  Queen  
  33  3:40  Zergling x6  
  36  3:44  Overlord  
  40  4:02  Drone x4  
  40  4:03  Drone x2  
  43  4:17  Zergling x4  
  44  4:25  Overlord x3  
  44  4:29  Centrifical Hooks  
  44  4:37  Baneling x4  
  44  4:38  Baneling x2  
  44  4:56  Drone x8  
  52  5:20  Zergling x4  
  52  5:21  Zergling x18  
  63  5:29  Spore Crawler  
  63  5:32  Zergling x8  
  66  5:36  Overlord  
  50  6:12  Spire  
  49  6:26  Evolution Chamber  
  49  6:28  Overlord  
  49  6:29  Overlord x3, Evolution Chamber  
  49  6:32  Drone x10  
  57  6:43  Extractor  
  57  6:45  Extractor  
  57  6:46  Baneling  
  55  6:47  Baneling x7  
  55  6:50  Zergling x16  
  55  6:51  Zergling x4  
  55  6:53  Queen  
  67  7:07  Zerg Ground Armor Level 1  
  67  7:08  Zerg Melee Weapons Level 1  
  67  7:28  Corruptor x4  
  67  7:29  Corruptor x2  
  79  7:32  Zergling x2  
  79  7:33  Zergling x4  
  70  8:13  Drone x12  
  70  8:15  Drone x3  
  85  8:27  Queen  
  87  8:42  Zerg Flyer Weapons Level 1  
  87  8:44  Infestation Pit  
  87  8:46  Pneumatized Carapace  
  86  8:51  Extractor  
  86  8:52  Drone  
  86  8:54  Extractor  
  85  8:57  Zergling x16  
  85  9:01  Baneling x6  
  85  9:02  Baneling x5  
  93  9:03  Baneling x5  
  93  9:23  Zerg Ground Armor Level 2  
  93  9:35  Hive  
  93  9:42  Drone x12  
  93  9:45  Drone  
  106  10:07  Zerg Melee Weapons Level 2  
  106  10:15  Overlord x6  
  106  10:35  Hatchery  
  105  10:37  Hatchery  
  104  10:50  Zergling x10  
  104  10:51  Zergling x28  
  123  11:05  Queen  
  123  11:06  Adrenal Glands  
  123  11:08  Greater Spire  
  125  11:25  Baneling  
  125  11:26  Baneling x11  
  125  11:28  Zergling x8  
  125  11:29  Zergling x10  
  134  11:36  Corruptor x2  
  138  11:48  Drone x3  
  138  11:49  Drone x2  
  143  11:58  Zerg Ground Armor Level 3  
  143  12:03  Overlord x3  
  143  12:04  Overlord  
  143  12:23  Zerg Flyer Weapons Level 2  
  143  12:39  Brood Lord x4  
  143  12:40  Brood Lord x2  
  155  12:46  Corruptor  
  155  12:48  Corruptor  
  159  13:07  Corruptor x2  
  159  13:08  Corruptor x2  
  165  13:25  Corruptor x4  
  173  13:27  Corruptor  
  98  14:07  Corruptor x3  
  98  14:08  Zergling x2, Corruptor  
  98  14:09  Zergling x32  
  111  14:41  Corruptor x3  
  111  14:42  Corruptor  
  111  14:43  Zergling x22  
  130  14:49  Brood Lord  
  130  14:52  Brood Lord  
  134  14:57  Brood Lord  
  136  15:03  Brood Lord  
  138  15:21  Zerg Melee Weapons Level 3  
  138  15:26  Zerg Flyer Weapons Level 3  
  138  15:31  Baneling x4  
  138  15:32  Extractor  
  137  15:37  Extractor  
  136  15:43  Zergling x10  
  136  15:44  Zergling x20  
  136  15:45  Baneling  
  136  15:46  Baneling x11  
  121  16:33  Zergling x40  
  141  16:48  Zergling x18  
  85  17:27  Zergling x18  
  85  17:28  Zergling x16  
  85  17:55  Zergling x20  
  95  17:58  Baneling x3  
  95  17:59  Baneling x12  
  95  18:03  Zergling x16  
  103  18:07  Corruptor  
  103  18:11  Corruptor x3  
  103  18:12  Corruptor x2  
  111  18:13  Corruptor  
  117  18:20  Zergling x14  
  124  18:33  Hatchery  
  123  18:42  Baneling x12  
  123  18:45  Corruptor  
  123  18:46  Corruptor x3  
  131  18:51  Zergling x2  
  131  18:52  Hatchery, Zergling x6  
  134  19:02  Ultralisk Cavern  
  100  19:22  Zergling x12  
  100  19:23  Zergling x6  
  100  19:27  Drone  
  100  19:53  Hatchery  
  99  20:12  Zergling x2  
  99  20:13  Zergling x14  
  98  20:47  Zergling x2  
  98  20:48  Zergling x32  
  108  20:51  Baneling x2  
  108  20:52  Baneling  
  108  20:53  Baneling  
  108  20:54  Baneling  
  108  20:55  Baneling  
  108  20:56  Baneling  
  108  20:57  Baneling  
  108  20:58  Baneling  
  108  20:59  Baneling  
  108  21:01  Baneling  
  108  21:02  Baneling  
  108  21:10  Baneling  
  108  21:11  Baneling x7  
  108  21:13  Baneling x3  
  108  21:49  Corruptor  
  108  21:50  Corruptor x4  
  108  21:51  Corruptor x2  
  84  22:12  Zergling x26  
  84  22:13  Zergling x2  
  91  22:27  Zergling x12  
Tags
 
Add a new tag
Caveats
  • Supply blocks, unpowered buildings, or Contaminate may cause inaccurate times.
  • Supply counts are checked every 10 seconds.